Penguins vs Panthers (R4)

Created - 26 novembre 2020 at 20:32

Goals
1 2 3 T
Penguins 0 1 1 2
Panthers 0 2 2 4
Shots
1 2 3 T
Penguins 9 7 13 29
Panthers 11 8 8 27

1st period

No Goal

Penalties :
Alex Ovechkin (FLA) for Roughing (Minor) at 3:02, Zdeno Chara (FLA) for Interference (Minor) at 10:46, Charlie McAvoy (FLA) for Cross-checking (Minor) at 16:32, Marcus Pettersson (PIT) for Holding (Minor) at 18:56, Alex Ovechkin (FLA) for Slashing (Minor) at 19:27

2nd period

1. Panthers , Jeff Petry 1 (Quinn Hughes 9, Aleksander Barkov 13) at 9:44 (PP)
2. Penguins , Gabriel Landeskog 2 (Shea Weber 8, Max Domi 6) at 15:25
3. Panthers , Aleksander Barkov 8 (Nikita Kucherov 11, Quinn Hughes 10) at 17:14 (PP)

Penalties :
Samuel Girard (FLA) for Holding (Minor) at 1:59, Alex Ovechkin (FLA) for Tripping (Minor) at 4:34, Gabriel Landeskog (PIT) for Goalie Interference (Minor) at 4:37, Marcus Pettersson (PIT) for Hooking (Minor) at 7:18, Adrian Kempe (PIT) for High sticking (Minor) at 7:50, Cedric Paquette (PIT) for Cross-checking (Minor) at 15:40

3rd period

4. Penguins , Gabriel Landeskog 3 (Shea Weber 9, Drew Doughty 11) at 4:28
5. Panthers , Matthew Tkachuk 4 (Quinn Hughes 11, Patrik Laine 5) at 12:36 (PP)
6. Panthers , Dylan Larkin 5 (Joel Armia 2, Charlie McAvoy 5) at 14:58

Penalties :
Matthew Tkachuk (FLA) for Interference (Minor) at 0:35, Dylan Larkin (FLA) for Roughing (Minor) at 1:23, Marcus Pettersson (PIT) for Hooking (Minor) at 12:10

Goalie Stats

Connor Hellebuyck (PIT), 23 saves from 27 shots - (0,852), L, 5-6-3, 60:00 minutes
Corey Crawford (FLA), 27 saves from 29 shots - (0,931), W, 14-1-0, 60:00 minutes

Players Stats for Penguins

Player Name              G  A  P  +/- PIM S  H  SB GA TA FO     MP     PP MP  PK MP  
------------------------------------------------------------------------------------
Adrian Kempe             0  0  0   0  2   0  0  0  0  0  4/16    8:49   0:00   2:37 
Alex DeBrincat           0  0  0   0  0   1  2  0  0  0  1/1    19:21   6:23   0:00 
Alexander Nylander       0  0  0   0  0   0  1  0  0  0  2/8    10:01   0:00   0:00 
Brent Seabrook           0  0  0   0  0   1  4  0  0  0  0/0    11:39   0:00   0:00 
Cedric Paquette          0  0  0   0  2   2  1  0  0  0  3/3     7:09   0:00   1:04 
Clayton Keller           0  0  0   0  0   1  1  0  0  0  0/1    10:10   0:00   0:09 
David Perron             0  0  0   1  0   2  3  0  0  0  1/3    19:32   4:54   0:00 
Drew Doughty             0  1  1   1  0   1  2  1  0  0  0/0    25:35   4:57   2:52 
Filip Hronek             0  0  0   0  0   3  2  2  0  0  0/0    22:46   6:20   2:08 
Gabriel Landeskog        2  0  2   1  2   7  5  0  0  0  2/5    18:24   4:53   0:00 
Jonathan Huberdeau       0  0  0   0  0   2  0  0  0  0  1/5    20:30   6:23   1:09 
Marcus Pettersson        0  0  0   0  6   2  1  0  0  0  0/0    11:39   0:00   0:03 
Mark Giordano            0  0  0   0  0   2  2  0  0  0  0/0    22:46   6:20   2:08 
Max Domi                 0  1  1   1  0   0  0  0  0  0  14/22  20:02   4:54   3:05 
Oliver Bjorkstrand       0  0  0   0  0   3  0  0  0  0  0/1    10:01   0:00   0:00 
Oskar Lindblom           0  0  0   0  0   0  0  0  0  0  0/0     6:34   0:00   0:28 
Pierre-Luc Dubois        0  0  0   0  0   1  0  0  0  0  10/24  19:33   6:23   0:00 
Shea Weber               0  2  2   1  0   1  0  2  0  0  0/0    25:32   4:57   2:49 

Players Stats for Panthers

Player Name              G  A  P  +/- PIM S  H  SB GA TA FO     MP     PP MP  PK MP  
------------------------------------------------------------------------------------
Aleksander Barkov        1  1  2  -1  0   2  0  1  0  0  16/20  18:41   1:58   1:41 
Alex Ovechkin            0  0  0  -1  6   0  2  0  0  0  2/3    15:16   1:57   0:00 
Charlie McAvoy           0  1  1   0  2   0  5  1  0  0  0/0    18:22   0:21   4:19 
Colton Parayko           0  0  0   0  0   0  4  1  0  0  0/0    18:19   2:17   2:27 
Derek Grant              0  0  0  -1  0   0  0  1  0  0  5/11    9:47   0:00   6:13 
Dylan Larkin             1  0  1   1  2   2  1  0  0  0  8/20   14:59   0:13   3:22 
Jeff Petry               1  0  1  -1  0   1  4  2  0  0  0/0    23:49   2:35   5:54 
Joe Thornton             0  0  0  -1  0   1  0  0  0  0  4/4     3:34   0:00   0:00 
Joel Armia               0  1  1   1  0   0  3  0  0  0  1/2    16:53   0:13   6:21 
Mark Scheifele           0  0  0   0  0   3  0  0  0  0  13/21  17:55   2:49   0:00 
Matt Calvert             0  0  0   1  0   2  3  0  0  0  0/1    13:59   0:13   3:45 
Matthew Tkachuk          1  0  1   0  2   4  3  0  0  0  0/2    16:11   2:49   0:00 
Nikita Kucherov          0  1  1  -1  0   5  0  0  0  0  1/3    17:02   1:58   0:00 
Oskar Sundqvist          0  0  0  -1  0   0  1  0  0  0  1/1     3:34   0:00   0:00 
Patrik Laine             0  1  1   0  0   3  2  0  0  0  0/1    16:12   2:49   0:00 
Quinn Hughes             0  3  3  -1  0   4  0  0  0  0  0/0    23:13   2:30   5:23 
Samuel Girard            0  0  0   0  2   0  1  1  0  0  0/0    18:17   2:17   0:16 
Zdeno Chara              0  0  0   0  2   0  0  3  0  0  0/0    17:57   0:00   4:15 

3 Stars

1 - Gabriel Landeskog (PIT)
2 - Jeff Petry (FLA)
3 - Aleksander Barkov (FLA)

Power Play

Penguins - 0 on 8 Attempt(s) - 0,00%
Panthers - 3 on 6 Attempt(s) - 50,00%

Penalty Kill

Penguins - 3 on 6 Attempt(s) - 50,00% - Score 0 goal in Penalty Kill
Panthers - 8 on 8 Attempt(s) - 100,00% - Score 0 goal in Penalty Kill

Team Stat

Penguins - Hits : 24 - Faceoff Wins : 38 - Blocked Shots : 5 - Penalty Minutes : 12
Panthers - Hits : 29 - Faceoff Wins : 51 - Blocked Shots : 10 - Penalty Minutes : 16

Official

Referees : Ryan Hersey and Dean Morton
Linesman : Mark Shewchyk and Jeff Walker

Game Notes

No Game Note

Finance

Level 1 -- Attendance: 6000 (100,00%) -- Ticket Income 750 000 $
Level 2 -- Attendance: 5000 (100,00%) -- Ticket Income 450 000 $
Level 3 -- Attendance: 2976 (85,03%) -- Ticket Income 208 320 $
Level 4 -- Attendance: 2461 (65,63%) -- Ticket Income 95 979 $
Luxury Box -- Attendance: 1000 (100,00%) -- Ticket Income 225 000 $
Game was played at the BBT Center.
Total Attendance: 17437 (90,58%)
Total Ticket Income: 1 729 299 $
Other Income: 847 357 $
Total Income: 2 576 656 $

% Time on Ice - Penguins

Lines # - Real PCT - Wanted PCT - Time Play
Normal Forward
1 - 30% - 35% - 12:03
2 - 30% - 33% - 12:09
3 - 25% - 22% - 10:01
4 - 15% - 10% - 6:06
Normal Defense
1 - 38% - 40% - 15:18
2 - 33% - 30% - 13:22
3 - 29% - 20% - 11:39
4 - 0% - 10% - 0:00
PP Forward
1 - 43% - 60% - 4:54
2 - 57% - 40% - 6:23
PP Defense
1 - 44% - 60% - 4:57
2 - 56% - 40% - 6:20
PK Forward
1 - 87% - 60% - 3:05
2 - 13% - 40% - 0:28
PK Defense
1 - 59% - 60% - 2:05
2 - 41% - 40% - 1:28
PK3 Forward
1 - 74% - 60% - 1:04
2 - 26% - 40% - 0:23
PK3 Defense
1 - 54% - 60% - 0:47
2 - 46% - 40% - 0:40
44 Forward
1 - 100% - 60% - 3:24
2 - 0% - 40% - 0:00
44 Defense
1 - 73% - 60% - 2:28
2 - 27% - 40% - 0:56
Last Minute Offensive  - 0:00
Last Minute Defensive  - 0:00
Total
Forward - 60:00
Defense - 60:00

% Time on Ice - Panthers

Lines # - Real PCT - Wanted PCT - Time Play
Normal Forward
1 - 33% - 33% - 13:21
2 - 33% - 33% - 13:23
3 - 25% - 24% - 10:01
4 - 9% - 10% - 3:34
Normal Defense
1 - 32% - 36% - 13:01
2 - 34% - 34% - 13:35
3 - 34% - 30% - 13:43
4 - 0% - 0% - 0:00
PP Forward
1 - 39% - 50% - 1:58
2 - 61% - 50% - 3:02
PP Defense
1 - 54% - 50% - 2:43
2 - 46% - 50% - 2:17
PK Forward
1 - 63% - 60% - 6:21
2 - 37% - 40% - 3:45
PK Defense
1 - 42% - 60% - 4:16
2 - 58% - 40% - 5:50
PK3 Forward
1 - 66% - 60% - 0:47
2 - 34% - 40% - 0:24
PK3 Defense
1 - 66% - 60% - 0:47
2 - 34% - 40% - 0:24
44 Forward
1 - 50% - 50% - 1:41
2 - 50% - 50% - 1:43
44 Defense
1 - 68% - 60% - 2:19
2 - 32% - 40% - 1:05
Last Minute Offensive  - 0:00
Last Minute Defensive  - 0:00
Total
Forward - 60:00
Defense - 60:00

Play-by-Play

1st period


0:01 of 1st period - Max Domi wins face-off versus Aleksander Barkov in neutral zone.
0:03 of 1st period - Drew Doughty is hit by Jeff Petry and loses puck.
0:15 of 1st period - Gabriel Landeskog is hit by Jeff Petry and loses puck.
0:20 of 1st period - Shot by David Perron.
0:20 of 1st period - Shot Blocked by Jeff Petry.
0:34 of 1st period - Shot by Nikita Kucherov.
0:34 of 1st period - Stopped by Connor Hellebuyck without a rebound.
0:35 of 1st period - Mark Scheifele wins face-off versus Pierre-Luc Dubois in Penguins zone.
0:35 of 1st period - Patrik Laine is hit by Filip Hronek and loses puck.
0:58 of 1st period - Shot by Patrik Laine.
0:58 of 1st period - Shot Misses the Net.
1:00 of 1st period - Shot by Patrik Laine.
1:00 of 1st period - Shot Misses the Net.
1:02 of 1st period - Shot by Matthew Tkachuk.
1:02 of 1st period - Shot Blocked by Filip Hronek.
1:04 of 1st period - Shot by Samuel Girard.
1:04 of 1st period - Shot Misses the Net.
1:06 of 1st period - Shot by Samuel Girard.
1:06 of 1st period - Deflect By Patrik Laine.
1:06 of 1st period - Stopped by Connor Hellebuyck without a rebound.
1:07 of 1st period - Dylan Larkin wins face-off versus Alexander Nylander in Penguins zone.
2:08 of 1st period - Shot by Quinn Hughes.
2:08 of 1st period - Stopped by Connor Hellebuyck without a rebound.
2:09 of 1st period - Cedric Paquette wins face-off versus Matthew Tkachuk in Penguins zone.
2:09 of 1st period - Cedric Paquette is hit by Matthew Tkachuk.
2:33 of 1st period - Shot by Patrik Laine.
2:33 of 1st period - Deflect By Mark Scheifele.
2:33 of 1st period - Stopped by Connor Hellebuyck with a rebound.
2:35 of 1st period - Shot by Colton Parayko.
2:35 of 1st period - Shot Misses the Net.
3:02 of 1st period - Minor Penalty to Alex Ovechkin for Roughing.
3:03 of 1st period - Max Domi wins face-off versus Derek Grant in Panthers zone.
3:16 of 1st period - Off-side.
3:17 of 1st period - Derek Grant wins face-off versus Jonathan Huberdeau in neutral zone.
3:51 of 1st period - Icing by Alex DeBrincat.
3:52 of 1st period - Alex DeBrincat wins face-off versus Dylan Larkin in Penguins zone.
3:58 of 1st period - Off-side.
3:59 of 1st period - Dylan Larkin wins face-off versus Gabriel Landeskog in neutral zone.
4:37 of 1st period - Icing by Drew Doughty.
4:38 of 1st period - Max Domi wins face-off versus Dylan Larkin in Penguins zone.
5:11 of 1st period - Icing by Brent Seabrook.
5:12 of 1st period - Alexander Nylander wins face-off versus Patrik Laine in Penguins zone.
5:23 of 1st period - Shot by Oliver Bjorkstrand.
5:23 of 1st period - Shot Blocked by Zdeno Chara.
5:25 of 1st period - Shot by Marcus Pettersson.
5:25 of 1st period - Shot Misses the Net.
5:27 of 1st period - Shot by Clayton Keller.
5:27 of 1st period - Shot Blocked by Charlie McAvoy.
6:20 of 1st period - Icing by Mark Giordano.
6:21 of 1st period - Pierre-Luc Dubois wins face-off versus Joel Armia in Penguins zone.
6:44 of 1st period - Dylan Larkin is hit by Mark Giordano and loses puck.
6:48 of 1st period - Icing by Mark Giordano.
6:49 of 1st period - Pierre-Luc Dubois wins face-off versus Aleksander Barkov in Penguins zone.
7:18 of 1st period - Shot by Gabriel Landeskog.
7:18 of 1st period - Stopped by Corey Crawford without a rebound.
7:19 of 1st period - Joe Thornton wins face-off versus Adrian Kempe in Panthers zone.
7:30 of 1st period - Shot by Derek Grant.
7:30 of 1st period - Shot Misses the Net.
7:42 of 1st period - Oskar Sundqvist is hit by Brent Seabrook and loses puck.
7:52 of 1st period - Oskar Sundqvist is hit by Brent Seabrook and loses puck.
8:22 of 1st period - Shot by Dylan Larkin.
8:22 of 1st period - Stopped by Connor Hellebuyck without a rebound.
8:23 of 1st period - Aleksander Barkov wins face-off versus Pierre-Luc Dubois in Penguins zone.
8:31 of 1st period - Aleksander Barkov is hit by Mark Giordano and loses puck.
9:01 of 1st period - Mark Giordano is hit by Alex Ovechkin and loses puck.
9:29 of 1st period - Off-side.
9:30 of 1st period - Mark Scheifele wins face-off versus Alexander Nylander in neutral zone.
9:40 of 1st period - Matthew Tkachuk is hit by Brent Seabrook and loses puck.
10:11 of 1st period - Shot by Matthew Tkachuk.
10:11 of 1st period - Stopped by Connor Hellebuyck with a rebound.
10:45 of 1st period - Shot by Gabriel Landeskog.
10:45 of 1st period - Stopped by Corey Crawford without a rebound.
10:46 of 1st period - Pierre-Luc Dubois wins face-off versus Matt Calvert in Panthers zone.
10:46 of 1st period - Minor Penalty to Zdeno Chara for Interference.
10:47 of 1st period - Pierre-Luc Dubois wins face-off versus Derek Grant in Panthers zone.
10:50 of 1st period - Shot by Jonathan Huberdeau.
10:50 of 1st period - Shot Blocked by Derek Grant.
12:50 of 1st period - Brent Seabrook is hit by Matthew Tkachuk and loses puck.
13:12 of 1st period - Shot by Matthew Tkachuk.
13:12 of 1st period - Deflect By Mark Scheifele.
13:12 of 1st period - Stopped by Connor Hellebuyck without a rebound.
13:13 of 1st period - Aleksander Barkov wins face-off versus Adrian Kempe in Penguins zone.
14:05 of 1st period - Icing by Samuel Girard.
14:06 of 1st period - Aleksander Barkov wins face-off versus Max Domi in Panthers zone.
14:08 of 1st period - Icing by Nikita Kucherov.
14:09 of 1st period - Aleksander Barkov wins face-off versus Max Domi in Panthers zone.
14:09 of 1st period - Aleksander Barkov is hit by Gabriel Landeskog.
14:40 of 1st period - Jeff Petry is hit by David Perron and loses puck.
14:51 of 1st period - Shot by Filip Hronek.
14:51 of 1st period - Stopped by Corey Crawford with a rebound.
15:03 of 1st period - Pierre-Luc Dubois is hit by Patrik Laine and loses puck.
15:21 of 1st period - Jonathan Huberdeau is hit by Charlie McAvoy and loses puck.
15:26 of 1st period - Shot by Pierre-Luc Dubois.
15:26 of 1st period - Shot Misses the Net.
15:28 of 1st period - Shot by Marcus Pettersson.
15:28 of 1st period - Stopped by Corey Crawford without a rebound.
15:29 of 1st period - Joe Thornton wins face-off versus Clayton Keller in Panthers zone.
15:57 of 1st period - Shot by Derek Grant.
15:57 of 1st period - Shot Misses the Net.
15:59 of 1st period - Shot by Colton Parayko.
15:59 of 1st period - Shot Blocked by Drew Doughty.
16:01 of 1st period - Shot by Oskar Sundqvist.
16:01 of 1st period - Deflect By Joe Thornton.
16:01 of 1st period - Stopped by Connor Hellebuyck without a rebound.
16:02 of 1st period - Max Domi wins face-off versus Dylan Larkin in Penguins zone.
16:02 of 1st period - Max Domi is hit by Matt Calvert.
16:27 of 1st period - Shot by David Perron.
16:27 of 1st period - Shot Misses the Net.
16:30 of 1st period - Icing by Joel Armia.
16:31 of 1st period - Pierre-Luc Dubois wins face-off versus Dylan Larkin in Panthers zone.
16:31 of 1st period - Pierre-Luc Dubois is hit by Charlie McAvoy.
16:32 of 1st period - Minor Penalty to Charlie McAvoy for Cross-checking.
16:33 of 1st period - Joel Armia wins face-off versus Pierre-Luc Dubois in Panthers zone.
16:42 of 1st period - Jeff Petry is hit by Alex DeBrincat and loses puck.
17:00 of 1st period - Shot by Drew Doughty.
17:00 of 1st period - Stopped by Corey Crawford without a rebound.
17:01 of 1st period - Max Domi wins face-off versus Dylan Larkin in Panthers zone.
17:08 of 1st period - Shot by Filip Hronek.
17:08 of 1st period - Stopped by Corey Crawford without a rebound.
17:09 of 1st period - Max Domi wins face-off versus Derek Grant in Panthers zone.
17:40 of 1st period - Shot by David Perron.
17:40 of 1st period - Shot Hit the Post.
17:46 of 1st period - Shot by David Perron.
17:46 of 1st period - Stopped by Corey Crawford without a rebound.
17:47 of 1st period - Pierre-Luc Dubois wins face-off versus Derek Grant in Panthers zone.
18:26 of 1st period - Shot by Filip Hronek.
18:26 of 1st period - Shot Blocked by Zdeno Chara.
18:28 of 1st period - Shot by Mark Giordano.
18:28 of 1st period - Stopped by Corey Crawford with a rebound.
18:35 of 1st period - Icing by Jeff Petry.
18:36 of 1st period - Alex Ovechkin wins face-off versus Max Domi in Panthers zone.
18:55 of 1st period - Shot by Nikita Kucherov.
18:55 of 1st period - Stopped by Connor Hellebuyck without a rebound.
18:56 of 1st period - Mark Scheifele wins face-off versus Oliver Bjorkstrand in Penguins zone.
18:56 of 1st period - Minor Penalty to Marcus Pettersson for Holding.
18:57 of 1st period - Adrian Kempe wins face-off versus Mark Scheifele in Penguins zone.
19:08 of 1st period - Shot by Colton Parayko.
19:08 of 1st period - Shot Misses the Net.
19:10 of 1st period - Shot by Mark Scheifele.
19:10 of 1st period - Shot Misses the Net.
19:16 of 1st period - Shot by Matthew Tkachuk.
19:16 of 1st period - Stopped by Connor Hellebuyck without a rebound.
19:17 of 1st period - Aleksander Barkov wins face-off versus Adrian Kempe in Penguins zone.
19:27 of 1st period - Minor Penalty to Alex Ovechkin for Slashing.
19:28 of 1st period - Aleksander Barkov wins face-off versus Gabriel Landeskog in Panthers zone.
19:41 of 1st period - Shot by Aleksander Barkov.
19:41 of 1st period - Stopped by Connor Hellebuyck with a rebound.
19:52 of 1st period - Shot by David Perron.
19:52 of 1st period - Stopped by Corey Crawford without a rebound.
19:53 of 1st period - Mark Scheifele wins face-off versus Gabriel Landeskog in Panthers zone.
Goals for this period are 0 for Penguins vs 0 for Panthers.
Shots for this period are 9 for Penguins vs 11 for Panthers.

2nd period


0:01 of 2nd period - Gabriel Landeskog wins face-off versus Nikita Kucherov in neutral zone.
1:15 of 2nd period - Alex DeBrincat is hit by Charlie McAvoy and loses puck.
1:28 of 2nd period - Shot by Clayton Keller.
1:28 of 2nd period - Shot Hit the Post.
1:49 of 2nd period - Clayton Keller is hit by Colton Parayko and loses puck.
1:59 of 2nd period - Minor Penalty to Samuel Girard for Holding.
2:00 of 2nd period - Derek Grant wins face-off versus Pierre-Luc Dubois in Panthers zone.
2:27 of 2nd period - Shot by Alex DeBrincat.
2:27 of 2nd period - Stopped by Corey Crawford without a rebound.
2:28 of 2nd period - Gabriel Landeskog wins face-off versus Dylan Larkin in Panthers zone.
4:05 of 2nd period - Clayton Keller is hit by Colton Parayko and loses puck.
4:12 of 2nd period - Shot by Clayton Keller.
4:12 of 2nd period - Stopped by Corey Crawford without a rebound.
4:13 of 2nd period - Mark Scheifele wins face-off versus Adrian Kempe in Panthers zone.
4:27 of 2nd period - Icing by Drew Doughty.
4:28 of 2nd period - Adrian Kempe wins face-off versus Alex Ovechkin in Penguins zone.
4:34 of 2nd period - Minor Penalty to Alex Ovechkin for Tripping.
4:35 of 2nd period - Derek Grant wins face-off versus Max Domi in Panthers zone.
4:37 of 2nd period - Minor Penalty to Gabriel Landeskog for Goalie Interference.
4:38 of 2nd period - David Perron wins face-off versus Aleksander Barkov in Penguins zone.
4:43 of 2nd period - Quinn Hughes is hit by David Perron.
4:56 of 2nd period - Shot by Dylan Larkin.
4:56 of 2nd period - Deflect By Aleksander Barkov.
4:56 of 2nd period - Shot Misses the Net.
6:44 of 2nd period - Alexander Nylander is hit by Oskar Sundqvist and loses puck.
6:51 of 2nd period - Shot by Oliver Bjorkstrand.
6:51 of 2nd period - Shot Misses the Net.
6:53 of 2nd period - Shot by Brent Seabrook.
6:53 of 2nd period - Stopped by Corey Crawford without a rebound.
6:54 of 2nd period - Adrian Kempe wins face-off versus Dylan Larkin in Panthers zone.
6:54 of 2nd period - Adrian Kempe is hit by Samuel Girard.
7:16 of 2nd period - Adrian Kempe is hit by Joel Armia and loses puck.
7:18 of 2nd period - Minor Penalty to Marcus Pettersson for Hooking.
7:19 of 2nd period - Mark Scheifele wins face-off versus Adrian Kempe in Penguins zone.
7:26 of 2nd period - Shot by Quinn Hughes.
7:26 of 2nd period - Shot Blocked by Shea Weber.
7:28 of 2nd period - Shot by Jeff Petry.
7:28 of 2nd period - Shot Blocked by Shea Weber.
7:30 of 2nd period - Shot by Quinn Hughes.
7:30 of 2nd period - Stopped by Connor Hellebuyck without a rebound.
7:31 of 2nd period - Aleksander Barkov wins face-off versus Adrian Kempe in Penguins zone.
7:50 of 2nd period - Minor Penalty to Adrian Kempe for High sticking.
7:51 of 2nd period - Cedric Paquette wins face-off versus Mark Scheifele in Penguins zone.
7:59 of 2nd period - Icing by Samuel Girard.
8:00 of 2nd period - Cedric Paquette wins face-off versus Mark Scheifele in Panthers zone.
8:36 of 2nd period - Shot by Samuel Girard.
8:36 of 2nd period - Shot Misses the Net.
8:38 of 2nd period - Shot by Samuel Girard.
8:38 of 2nd period - Shot Misses the Net.
9:24 of 2nd period - Shot by Alex Ovechkin.
9:24 of 2nd period - Shot Misses the Net.
9:26 of 2nd period - Shot by Quinn Hughes.
9:26 of 2nd period - Stopped by Connor Hellebuyck without a rebound.
9:27 of 2nd period - Jonathan Huberdeau wins face-off versus Mark Scheifele in Penguins zone.
9:40 of 2nd period - Shot by Patrik Laine.
9:40 of 2nd period - Stopped by Connor Hellebuyck without a rebound.
9:41 of 2nd period - Aleksander Barkov wins face-off versus Jonathan Huberdeau in Penguins zone.
9:42 of 2nd period - Shot by Quinn Hughes.
9:42 of 2nd period - Shot Hit the Post.
9:44 of 2nd period - Shot by Jeff Petry.
9:44 of 2nd period - Goal by Jeff Petry - Penguins : 0 - Panthers : 1.
9:45 of 2nd period - Max Domi wins face-off versus Dylan Larkin in neutral zone.
10:04 of 2nd period - Shot by David Perron.
10:04 of 2nd period - Shot Misses the Net.
12:27 of 2nd period - Icing by Jeff Petry.
12:28 of 2nd period - Aleksander Barkov wins face-off versus David Perron in Panthers zone.
12:35 of 2nd period - Shea Weber is hit by Alex Ovechkin and loses puck.
12:54 of 2nd period - Shot by David Perron.
12:54 of 2nd period - Shot Misses the Net.
12:56 of 2nd period - Shot by Max Domi.
12:56 of 2nd period - Shot Blocked by Jeff Petry.
13:34 of 2nd period - Shot by Alex DeBrincat.
13:34 of 2nd period - Shot Blocked by Colton Parayko.
14:37 of 2nd period - Shot by Matt Calvert.
14:37 of 2nd period - Stopped by Connor Hellebuyck with a rebound.
14:44 of 2nd period - Shot by Matt Calvert.
14:44 of 2nd period - Stopped by Connor Hellebuyck without a rebound.
14:45 of 2nd period - Oskar Sundqvist wins face-off versus Max Domi in Penguins zone.
14:45 of 2nd period - Charlie McAvoy is hit by Drew Doughty and loses puck.
15:02 of 2nd period - Shot by Gabriel Landeskog.
15:02 of 2nd period - Shot Blocked by Zdeno Chara.
15:25 of 2nd period - Shot by Gabriel Landeskog.
15:25 of 2nd period - Goal by Gabriel Landeskog - Penguins : 1 - Panthers : 1.
15:26 of 2nd period - Dylan Larkin wins face-off versus Adrian Kempe in neutral zone.
15:40 of 2nd period - Minor Penalty to Cedric Paquette for Cross-checking.
15:41 of 2nd period - Max Domi wins face-off versus Matthew Tkachuk in Penguins zone.
15:58 of 2nd period - Max Domi is hit by Matthew Tkachuk.
16:39 of 2nd period - Off-side.
16:40 of 2nd period - Mark Scheifele wins face-off versus Jonathan Huberdeau in neutral zone.
16:47 of 2nd period - Shot by Patrik Laine.
16:47 of 2nd period - Stopped by Connor Hellebuyck without a rebound.
16:48 of 2nd period - Aleksander Barkov wins face-off versus Adrian Kempe in Penguins zone.
17:12 of 2nd period - Shot by Nikita Kucherov.
17:12 of 2nd period - Shot Blocked by Filip Hronek.
17:14 of 2nd period - Shot by Aleksander Barkov.
17:14 of 2nd period - Goal by Aleksander Barkov - Penguins : 1 - Panthers : 2.
17:15 of 2nd period - Dylan Larkin wins face-off versus Pierre-Luc Dubois in neutral zone.
17:17 of 2nd period - Zdeno Chara is hit by Drew Doughty.
17:19 of 2nd period - Shot by Matt Calvert.
17:19 of 2nd period - Shot Misses the Net.
18:24 of 2nd period - Shot by Oliver Bjorkstrand.
18:24 of 2nd period - Stopped by Corey Crawford with a rebound.
18:36 of 2nd period - Charlie McAvoy is hit by Clayton Keller and loses puck.
18:50 of 2nd period - Icing by Charlie McAvoy.
18:51 of 2nd period - Dylan Larkin wins face-off versus Max Domi in Panthers zone.
18:51 of 2nd period - Charlie McAvoy is hit by Gabriel Landeskog and loses puck.
19:03 of 2nd period - Charlie McAvoy is hit by Gabriel Landeskog and loses puck.
19:13 of 2nd period - Shot by David Perron.
19:13 of 2nd period - Deflect By Gabriel Landeskog.
19:13 of 2nd period - Stopped by Corey Crawford without a rebound.
19:14 of 2nd period - Pierre-Luc Dubois wins face-off versus Mark Scheifele in Panthers zone.
19:14 of 2nd period - Pierre-Luc Dubois is hit by Colton Parayko.
19:16 of 2nd period - Shot by Jonathan Huberdeau.
19:16 of 2nd period - Stopped by Corey Crawford without a rebound.
19:17 of 2nd period - Mark Scheifele wins face-off versus Pierre-Luc Dubois in Panthers zone.
19:56 of 2nd period - Shot by Mark Scheifele.
19:56 of 2nd period - Shot Misses the Net.
19:58 of 2nd period - Shot by Jeff Petry.
19:58 of 2nd period - Shot Misses the Net.
Goals for this period are 1 for Penguins vs 2 for Panthers.
Shots for this period are 7 for Penguins vs 8 for Panthers.

3rd period


0:01 of 3rd period - Max Domi wins face-off versus Mark Scheifele in neutral zone.
0:04 of 3rd period - Samuel Girard is hit by Gabriel Landeskog and loses puck.
0:35 of 3rd period - Minor Penalty to Matthew Tkachuk for Interference.
0:36 of 3rd period - Derek Grant wins face-off versus Pierre-Luc Dubois in Panthers zone.
0:50 of 3rd period - Shot by Jonathan Huberdeau.
0:50 of 3rd period - Shot Misses the Net.
0:52 of 3rd period - Shot by Filip Hronek.
0:52 of 3rd period - Shot Misses the Net.
0:54 of 3rd period - Shot by Mark Giordano.
0:54 of 3rd period - Stopped by Corey Crawford with a rebound.
0:56 of 3rd period - Shot by Jonathan Huberdeau.
0:56 of 3rd period - Stopped by Corey Crawford without a rebound.
0:57 of 3rd period - Max Domi wins face-off versus Derek Grant in Panthers zone.
1:16 of 3rd period - Shot by Gabriel Landeskog.
1:16 of 3rd period - Stopped by Corey Crawford with a rebound.
1:23 of 3rd period - Minor Penalty to Dylan Larkin for Roughing.
1:24 of 3rd period - Pierre-Luc Dubois wins face-off versus Derek Grant in Panthers zone.
1:29 of 3rd period - Shot by Alex DeBrincat.
1:29 of 3rd period - Shot Misses the Net.
2:04 of 3rd period - Off-side.
2:05 of 3rd period - Derek Grant wins face-off versus Max Domi in neutral zone.
3:04 of 3rd period - Shot by Filip Hronek.
3:04 of 3rd period - Stopped by Corey Crawford with a rebound.
3:49 of 3rd period - Oliver Bjorkstrand is hit by Colton Parayko and loses puck.
3:56 of 3rd period - Shot by Oliver Bjorkstrand.
3:56 of 3rd period - Stopped by Corey Crawford without a rebound.
3:57 of 3rd period - Adrian Kempe wins face-off versus Dylan Larkin in Panthers zone.
4:09 of 3rd period - Icing by Charlie McAvoy.
4:10 of 3rd period - Max Domi wins face-off versus Dylan Larkin in Panthers zone.
4:17 of 3rd period - Shot by Gabriel Landeskog.
4:17 of 3rd period - Stopped by Corey Crawford without a rebound.
4:18 of 3rd period - Max Domi wins face-off versus Nikita Kucherov in Panthers zone.
4:18 of 3rd period - Max Domi is hit by Jeff Petry.
4:28 of 3rd period - Shot by Gabriel Landeskog.
4:28 of 3rd period - Goal by Gabriel Landeskog - Penguins : 2 - Panthers : 2.
4:29 of 3rd period - Pierre-Luc Dubois wins face-off versus Mark Scheifele in neutral zone.
4:48 of 3rd period - Shot by Patrik Laine.
4:48 of 3rd period - Shot Misses the Net.
5:08 of 3rd period - Shot by Mark Scheifele.
5:08 of 3rd period - Stopped by Connor Hellebuyck without a rebound.
5:09 of 3rd period - Nikita Kucherov wins face-off versus David Perron in Penguins zone.
5:23 of 3rd period - Icing by Shea Weber.
5:24 of 3rd period - Max Domi wins face-off versus Dylan Larkin in Penguins zone.
5:24 of 3rd period - Gabriel Landeskog is hit by Matt Calvert and loses puck.
5:42 of 3rd period - Shea Weber is hit by Joel Armia and loses puck.
6:16 of 3rd period - Icing by Filip Hronek.
6:17 of 3rd period - Alex Ovechkin wins face-off versus Pierre-Luc Dubois in Penguins zone.
6:22 of 3rd period - Shot by Nikita Kucherov.
6:22 of 3rd period - Stopped by Connor Hellebuyck without a rebound.
6:23 of 3rd period - Pierre-Luc Dubois wins face-off versus Aleksander Barkov in Penguins zone.
6:43 of 3rd period - Shot by Mark Giordano.
6:43 of 3rd period - Shot Misses the Net.
6:45 of 3rd period - Shot by Filip Hronek.
6:45 of 3rd period - Shot Misses the Net.
8:24 of 3rd period - Shot by Gabriel Landeskog.
8:24 of 3rd period - Shot Blocked by Aleksander Barkov.
8:58 of 3rd period - Shot by Cedric Paquette.
8:58 of 3rd period - Stopped by Corey Crawford with a rebound.
9:32 of 3rd period - Adrian Kempe is hit by Joel Armia and loses puck.
10:55 of 3rd period - Icing by Drew Doughty.
10:56 of 3rd period - Mark Scheifele wins face-off versus Pierre-Luc Dubois in Penguins zone.
11:31 of 3rd period - Max Domi is hit by Charlie McAvoy and loses puck.
11:41 of 3rd period - Gabriel Landeskog is hit by Charlie McAvoy.
11:45 of 3rd period - Shot by Max Domi.
11:45 of 3rd period - Shot Misses the Net.
11:47 of 3rd period - Shot by Brent Seabrook.
11:47 of 3rd period - Shot Misses the Net.
11:49 of 3rd period - Shot by Marcus Pettersson.
11:49 of 3rd period - Stopped by Corey Crawford without a rebound.
11:50 of 3rd period - Dylan Larkin wins face-off versus Alexander Nylander in Panthers zone.
11:50 of 3rd period - Samuel Girard is hit by Alexander Nylander and loses puck.
12:08 of 3rd period - Matt Calvert is hit by Brent Seabrook and loses puck.
12:10 of 3rd period - Minor Penalty to Marcus Pettersson for Hooking.
12:11 of 3rd period - Aleksander Barkov wins face-off versus Adrian Kempe in Penguins zone.
12:16 of 3rd period - Shot by Alex Ovechkin.
12:16 of 3rd period - Deflect By Nikita Kucherov.
12:16 of 3rd period - Stopped by Connor Hellebuyck without a rebound.
12:17 of 3rd period - Aleksander Barkov wins face-off versus Adrian Kempe in Penguins zone.
12:22 of 3rd period - Shot by Nikita Kucherov.
12:22 of 3rd period - Stopped by Connor Hellebuyck without a rebound.
12:23 of 3rd period - Aleksander Barkov wins face-off versus Adrian Kempe in Penguins zone.
12:24 of 3rd period - Shot by Quinn Hughes.
12:24 of 3rd period - Stopped by Connor Hellebuyck without a rebound.
12:25 of 3rd period - Mark Scheifele wins face-off versus Adrian Kempe in Penguins zone.
12:36 of 3rd period - Shot by Matthew Tkachuk.
12:36 of 3rd period - Goal by Matthew Tkachuk - Penguins : 2 - Panthers : 3.
12:37 of 3rd period - Aleksander Barkov wins face-off versus Pierre-Luc Dubois in neutral zone.
12:54 of 3rd period - Shot by Jonathan Huberdeau.
12:54 of 3rd period - Deflect By Pierre-Luc Dubois.
12:54 of 3rd period - Stopped by Corey Crawford without a rebound.
12:55 of 3rd period - Mark Scheifele wins face-off versus Max Domi in Panthers zone.
12:55 of 3rd period - Mark Scheifele is hit by Gabriel Landeskog.
12:58 of 3rd period - Jeff Petry is hit by David Perron and loses puck.
13:07 of 3rd period - Drew Doughty is hit by Patrik Laine and loses puck.
13:19 of 3rd period - Off-side.
13:20 of 3rd period - Aleksander Barkov wins face-off versus Pierre-Luc Dubois in neutral zone.
13:25 of 3rd period - Icing by Filip Hronek.
13:26 of 3rd period - Aleksander Barkov wins face-off versus Pierre-Luc Dubois in Penguins zone.
13:26 of 3rd period - Colton Parayko is hit by Filip Hronek and loses puck.
13:37 of 3rd period - Shot by Pierre-Luc Dubois.
13:37 of 3rd period - Shot Misses the Net.
13:39 of 3rd period - Shot by Alex DeBrincat.
13:39 of 3rd period - Shot Misses the Net.
14:46 of 3rd period - Icing by Shea Weber.
14:47 of 3rd period - Max Domi wins face-off versus Dylan Larkin in Penguins zone.
14:47 of 3rd period - Gabriel Landeskog is hit by Matt Calvert and loses puck.
14:56 of 3rd period - Shot by Joel Armia.
14:56 of 3rd period - Shot Misses the Net.
14:58 of 3rd period - Shot by Dylan Larkin.
14:58 of 3rd period - Goal by Dylan Larkin - Penguins : 2 - Panthers : 4.
14:59 of 3rd period - Joe Thornton wins face-off versus Alexander Nylander in neutral zone.
15:16 of 3rd period - Icing by Brent Seabrook.
15:17 of 3rd period - Mark Scheifele wins face-off versus Alexander Nylander in Penguins zone.
15:35 of 3rd period - Shot by Matthew Tkachuk.
15:35 of 3rd period - Stopped by Connor Hellebuyck with a rebound.
15:40 of 3rd period - Mark Scheifele is hit by Marcus Pettersson and loses puck.
16:32 of 3rd period - Shot by Jonathan Huberdeau.
16:32 of 3rd period - Shot Blocked by Samuel Girard.
17:32 of 3rd period - Nikita Kucherov is hit by Cedric Paquette and loses puck.
17:49 of 3rd period - Shot by Cedric Paquette.
17:49 of 3rd period - Stopped by Corey Crawford without a rebound.
17:50 of 3rd period - Alexander Nylander wins face-off versus Mark Scheifele in Panthers zone.
17:50 of 3rd period - Alexander Nylander is hit by Jeff Petry.
18:10 of 3rd period - Shot by Oliver Bjorkstrand.
18:10 of 3rd period - Stopped by Corey Crawford without a rebound.
18:11 of 3rd period - Dylan Larkin wins face-off versus Jonathan Huberdeau in Panthers zone.
18:11 of 3rd period - Dylan Larkin is hit by Alex DeBrincat.
18:26 of 3rd period - Icing by Jonathan Huberdeau.
18:27 of 3rd period - Mark Scheifele wins face-off versus Pierre-Luc Dubois in Penguins zone.
18:38 of 3rd period - Shot by Mark Scheifele.
18:38 of 3rd period - Shot Misses the Net.
18:41 of 3rd period - Icing by Mark Giordano.
18:42 of 3rd period - Dylan Larkin wins face-off versus Pierre-Luc Dubois in Penguins zone.
19:07 of 3rd period - Filip Hronek is hit by Dylan Larkin.
19:54 of 3rd period - Shot by Shea Weber.
19:54 of 3rd period - Shot Misses the Net.
19:56 of 3rd period - Shot by Shea Weber.
19:56 of 3rd period - Stopped by Corey Crawford without a rebound.
19:57 of 3rd period - Joe Thornton wins face-off versus Alexander Nylander in Panthers zone.
Goals for this period are 1 for Penguins vs 2 for Panthers.
Shots for this period are 13 for Penguins vs 8 for Panthers.